cohdb
Replays
Latest Replays
All Replays
Popular Replays
Top Player Replays
Match Explorer
How It Works
Community
CoH3 Stats
Reddit
Sign in to upload your games and track your stats! →
Sign in with Steam
Match 42572488
Unlisted
Match 42572488
Overview
Messages
Build Orders
End
Engineer Squad
Construct Barracks
Riflemen Squad
Selects Advanced Infantry Battlegroup
1⁄4-ton 4x4 Truck
Engineer Squad
Riflemen Squad
Construct Weapon Support Center
M1 Mortar Team
Infantry Support Center
M3 Armored Personnel Carrier
Selects Ammunition Storage
Construct Medical Station
Riflemen Squad
Grenade Package
M1918 Browning Automatic Rifles
Selects Convert to Ranger Squad
M3 Armored Personnel Carrier
Selects Frontline Medical Station
Advanced Logistics
Riflemen Squad
Selects M2A1 105mm Howitzer Emplacement
1⁄4-ton 4x4 Truck
Captain Retinue
Engineer Squad
Construct Tank Depot
Selects Ranger Weapon Training
我需要重新集结部队
AD
雷曼尔EX
SC2-Protoss
iceman
High Voltage
Alân
干死日本鬼子
0
0
Comments
sign in to comment!
No comments posted yet!